 Dungeon Sprint DCSS version 0.27-a0-1273-gec92ba881d (webtiles) character file.

Game seed: 15552174428960866838

63549 mhtbhm the Demonic Blade (level 14, -10/211 HPs)
             Began as a Demonspawn Berserker on June 12, 2021.
             Was the Champion of Trog.
             Mangled by Mennas
             ... wielding a +3 trishula of holy wrath
              (14 damage)
             ... in the Dungeon (Sprint IX: "|||||||||||||||||||||||||||||").
             The game lasted 00:17:55 (7107 turns).

mhtbhm the Demonic Blade (Demonspawn Berserker)     Turns: 7107, Time: 00:17:56

Health: -10/211    AC: 22    Str: 22    XL:     14   Next: 68%
Magic:  4/4        EV: 20    Int:  9    God:    Trog [******]
Gold:   115        SH:  0    Dex: 13    Spells: 13/13 levels left

rFire    . . .     SeeInvis .   a - +7 great sword (antimagic)
rCold    . . .     Faith    +   (shield currently unavailable)
rNeg     . . .     Spirit   .   b - +0 swamp dragon scales
rPois    +         Reflect  .   D - +1 helmet
rElec    .         Harm     .   m - +0 cloak
rCorr    .         Rampage  .   E - +1 pair of gloves
Will     +++..     NoTele   +   (boots unavailable)
Stlth    ..........             C - amulet of faith
HPRegen  1.45/turn              q - +4 ring of evasion
MPRegen  0.09/turn              n - +2 ring of protection

@: mighty, berserking (expiring), strong-willed, regenerating, hasted, glowing,
studying Slings, very quick
A: hooves 3, yellow scales 1, powered by death 1, demonic magic 1
a: Renounce Religion, Berserk, Trog's Hand, Brothers in Arms


You were in the Dungeon.
You worshipped Trog.
Trog was exalted by your worship.
You visited 1 branch You collected 1924 gold pieces.
You spent 1809 gold pieces at shops.

Inventory:

Hand Weapons
 a - a +7 antimagic great sword (weapon)
Missiles
 o - a curare-tipped dart
 u - 3 throwing nets
 H - 7 javelins
Armour
 b - +0 swamp dragon scales (worn)
 l - a +1 tower shield
 m - a +0 cloak (worn)
 D - a +1 helmet (worn)
 E - a +1 pair of gloves (worn)
Jewellery
 n - a +2 ring of protection (right hand)
 q - a +4 ring of evasion (left hand)
 y - a ring of protection from cold
 B - a ring of willpower
 C - an amulet of faith (around neck)
Wands
 j - a wand of iceblast (4)
Scrolls
 h - 2 scrolls of blinking
 k - 2 scrolls of fear
 s - 5 scrolls of enchant armour
 t - 7 scrolls of enchant weapon
 v - 2 scrolls of identify
 w - a scroll of magic mapping
 x - a scroll of immolation
 F - a scroll of fog
Potions
 c - 7 potions of curing
 d - 3 potions of heal wounds
 e - 3 potions of haste
 f - 4 potions of magic
 i - a potion of invisibility
 p - a potion of might
 r - a potion of lignification
 z - 2 potions of resistance
 A - 2 potions of mutation


   Skills:
 + Level 22.7 Fighting
 + Level 22.9 Long Blades
 + Level 14.0 Armour
 + Level 12.7 Dodging
 + Level 6.0 Stealth
 + Level 3.6 Evocations


You had 13 spell levels left.
You didn't know any spells.
Your spell library was empty.

Dungeon Overview and Level Annotations

Branches:
Dungeon (1/1)

Altars:
Cheibriados
Dithmenos
Elyvilon
Fedhas
Gozag
Hepliaklqana
Kikubaaqudgha
Makhleb
Nemelex Xobeh
Okawaru
Qazlal
Ru
Sif Muna
Trog
Uskayaw
Vehumet
Wu Jian
Xom
Yredelemnul
Zin
The Shining One
Beogh
Jiyva
Lugonu

Shops:
D (!??

Annotations:
D Mennas


Innate Abilities, Weirdness & Mutations

You have hooves in place of feet.
You are partially covered in yellow scales. (AC +2)
You regenerate a little health from kills.
Spells you cast may paralyse adjacent enemies.


Message History

Mennas is lightly wounded.
Mennas hits you with a +3 trishula of holy wrath!!
You convulse!!!
Mennas misses you.
You slash Mennas!
Mennas's magic leaks into the air.
Your kick misses Mennas.
Mennas is moderately wounded.
Mennas blocks your attack.
Your kick misses Mennas.
Mennas is moderately wounded.
Mennas hits you with a +3 trishula of holy wrath!!
* * * LOW HITPOINT WARNING * * *
You convulse!
* * * LOW HITPOINT WARNING * * *
Mennas hits you with a +3 trishula of holy wrath!
* * * LOW HITPOINT WARNING * * *
You convulse.
* * * LOW HITPOINT WARNING * * *
Mennas blocks your attack.
Your kick misses Mennas.
Mennas is moderately wounded.
Mennas blocks your attack.
Your kick misses Mennas.
Mennas is moderately wounded.
Mennas hits you with a +3 trishula of holy wrath.
* * * LOW HITPOINT WARNING * * *
You convulse.
* * * LOW HITPOINT WARNING * * *
Mennas barely misses you.
You closely miss Mennas.
Mennas is moderately wounded.
Mennas hits you with a +3 trishula of holy wrath!
* * * LOW HITPOINT WARNING * * *
You convulse!
* * * LOW HITPOINT WARNING * * *
Mennas hits you but does no damage.
You slash Mennas!
Mennas's magic leaks into the air.
Your kick misses Mennas.
Mennas is moderately wounded.
Mennas blocks your attack.
Your kick misses Mennas.
Mennas is moderately wounded.
Mennas becomes audible again.
Mennas hits you with a +3 trishula of holy wrath!
* * * LOW HITPOINT WARNING * * *
You convulse!
You die...

▓▓▓▓▓▓▓▓▓▓▓▓▓▓▓▓▓▓▓▓▓▓▓
▓.............@A.......
▓.▓▓▓▓▓▓▓▓▓▓▓▓▓▓▓▓▓▓▓▓▓▓▓▓▓▓▓▓▓
▓.........'.............).)))))
▓▓▓▓▓▓▓▓▓▓▓▓▓▓▓▓▓▓▓▓▓▓▓▓▓▓▓▓▓▓▓
▓........))....................
▓.▓▓▓▓▓▓▓▓▓▓▓▓♣♣♣♣♣♣♣♣♣♣▓▓▓▓▓▓▓
▓............'.......))))..[...
▓▓▓▓▓▓▓▓▓▓▓▓▓▓♣♣♣♣♣♣♣♣♣♣▓▓▓▓▓▓▓
▓.........................†))..


You could see Mennas.

Vanquished Creatures
  A lich (D)
  A thorn hunter (D)
  A shadow dragon (D)
  A very ugly thing (D)
  2 stone giants (D)
  Azrael (D)
  Josephine (D)
  A merfolk impaler (D)
  2 great orbs of eyes (D)
  A yaktaur captain (D)
  A naga warrior (D)
  3 fire dragons (D)
  A shambling mangrove (D)
  An ice dragon (D)
  An alligator snapping turtle (D)
  3 ogre magi (D)
  A spriggan air mage (D)
  Erolcha (D)
  A boulder beetle (D)
  A hydra (D)
  An ironbound frostheart (D)
  9 two-headed ogres (D)
  4 deep troll shamans (D)
  A tengu warrior (D)
  3 deep troll earth magi (D)
  Urug (D)
  A spriggan (D)
  A goliath frog (D)
  A spriggan druid (D)
  4 swamp dragons (D)
  4 wizards (D)
  2 necromancers (D)
  An ironbound convoker (D)
  2 wolf spiders (D)
  An orc knight (D)
  A deep elf pyromancer (D)
  4 ugly things (D)
  3 cyclopes (D)
  A manticore (D)
  An elephant (D)
  2 naga magi (D)
  4 black mambas (D)
  A guardian serpent (D)
  A vault sentinel (D)
  5 cane toads (D)
  A rime drake (D)
  2 merfolk (D)
  4 blink frogs (D)
  A snapping turtle (D)
  4 hornets (D)
  4 redbacks (D)
  4 wraiths (D)
  A wyvern (D)
  Eustachio (D)
  4 fire elementals (D)
  4 yaks (D)
  2 tarantellas (D)
  A basilisk (D)
  A vampire mosquito (D)
  3 nagas (D)
  A floating eye (D)
  2 hell hounds (D)
  2 water moccasins (D)
  9 orc warriors (D)
  3 ogres (D)
  A wolf (D)
  4 bullfrogs (D)
  A scorpion (D)
  A killer bee (D)
  A howler monkey (D)
  3 orc priests (D)
  An iguana (D)
  6 orc wizards (D)
  A gnoll (D)
  6 orcs (D)
  An endoplasm (D)
  A goblin (D)
  A jackal (D)
  A ball python (D)
  A rat (D)
169 creatures vanquished.

Vanquished Creatures (collateral kills)
  A vault warden (D)
  A stone giant (D)
  An ironbound preserver (D)
  2 very ugly things (D)
  An ironbound thunderhulk (D)
  A peacekeeper (D)
  A catoblepas (D)
  A centaur warrior (D)
  A spriggan berserker (D)
  A hell knight (D)
  An ironbound convoker (D)
  An ugly thing (D)
  A vault sentinel (D)
  2 merfolk (D)
  A slime creature (D)
  A wraith (D)
  A yak (D)
  A shadow (D)
  A kobold brigand (D)
  An orc wizard (D)
22 creatures vanquished.

Grand Total: 191 creatures vanquished

Notes
Turn   | Place    | Note
-------+----------+-------------------------------------------
     0 | D        | mhtbhm the Demonspawn Berserker began the quest for the
                  | Orb.
     0 | D        | Reached XP level 1. HP: 18/18 MP: 1/1
    17 | D        | Reached ** piety under Trog
   151 | D        | Noticed a scorpion
   151 | D        | Noticed an iguana
   151 | D        | Noticed an ogre
   151 | D        | Noticed an orc wizard
   155 | D        | Killed an orc wizard
   155 | D        | Reached *** piety under Trog
   156 | D        | Gained mutation: You have large cloven feet. [demonic
                  | ancestry]
   156 | D        | Reached XP level 2. HP: 26/26 MP: 2/2
   156 | D        | Reached XP level 3. HP: 31/31 MP: 3/3
   157 | D        | Killed an ogre
   158 | D        | Reached XP level 4. HP: 35/40 MP: 4/4
   162 | D        | Killed a scorpion
   163 | D        | Reached XP level 5. HP: 25/48 MP: 5/5
   165 | D        | Reached **** piety under Trog
   403 | D        | Found a snail-covered altar of Cheibriados.
   403 | D        | Found a shadowy altar of Dithmenos.
   403 | D        | Found a blossoming altar of Fedhas.
   403 | D        | Found an opulent altar of Gozag.
   404 | D        | Found a hazy altar of Hepliaklqana.
   405 | D        | Found a viscous altar of Jiyva.
   406 | D        | Found an ancient bone altar of Kikubaaqudgha.
   407 | D        | Found a corrupted altar of Lugonu.
   408 | D        | Found a burning altar of Makhleb.
   409 | D        | Found a sparkling altar of Nemelex Xobeh.
   410 | D        | Found an iron altar of Okawaru.
   411 | D        | Found a stormy altar of Qazlal.
   412 | D        | Found a sacrificial altar of Ru.
   413 | D        | Found a shimmering blue altar of Sif Muna.
   414 | D        | Found a bloodstained altar of Trog.
   415 | D        | Found a hide-covered altar of Uskayaw.
   416 | D        | Found a radiant altar of Vehumet.
   417 | D        | Found an ornate altar of the Wu Jian Council.
   418 | D        | Found a shimmering altar of Xom.
   419 | D        | Found a basalt altar of Yredelemnul.
   474 | D        | Noticed a yak
   474 | D        | Noticed a yak
   474 | D        | Noticed a wraith
   479 | D        | Killed a wraith
   480 | D        | Gained mutation: You have hoof-like feet. [demonic
                  | ancestry]
   480 | D        | Reached XP level 6. HP: 57/57 MP: 6/6
   487 | D        | Killed a yak
   488 | D        | Reached skill level 10 in Long Blades
   488 | D        | Reached skill level 5 in Dodging
   488 | D        | Reached XP level 7. HP: 53/64 MP: 7/7
   496 | D        | Killed a yak
   496 | D        | Reached ***** piety under Trog
   652 | D        | Noticed a catoblepas
   652 | D        | Noticed a green ugly thing
   652 | D        | Noticed a wraith
   652 | D        | Noticed a shadow
   652 | D        | Noticed a cyclops
   658 | D        | Killed a cyclops
   659 | D        | Reached skill level 10 in Fighting
   659 | D        | Reached XP level 8. HP: 53/73 MP: 8/8
   669 | D        | Killed a green ugly thing
   670 | D        | Killed a catoblepas
   671 | D        | Reached skill level 5 in Armour
   994 | D        | Noticed a cane toad
   996 | D        | Noticed a cane toad
   997 | D        | Received a gift from Trog
   998 | D        | Gained mutation: You regenerate a little health from kills.
                  | [demonic ancestry]
   998 | D        | Reached XP level 9. HP: 81/81 MP: 9/9
  1003 | D        | Killed a cane toad
  1008 | D        | Reached skill level 1 in Stealth
  1008 | D        | Killed a cane toad
  1351 | D        | Received a gift from Trog
  1632 | D        | Noticed a cane toad
  1632 | D        | Noticed a black mamba
  1632 | D        | Noticed an elephant
  1634 | D        | Noticed a rime drake
  1636 | D        | Killed an elephant
  1636 | D        | Noticed a black mamba
  1645 | D        | Killed a black mamba
  1646 | D        | Reached XP level 10. HP: 69/91 MP: 10/10
  1955 | D        | Reached skill level 15 in Long Blades
  1955 | D        | Killed a cane toad
  1963 | D        | Killed a black mamba
  1969 | D        | Received a gift from Trog
  2120 | D        | Noticed a cane toad
  2131 | D        | Killed a cane toad
  2149 | D        | Noticed a cane toad
  2160 | D        | Killed a cane toad
  2161 | D        | Reached skill level 1 in Evocations
  2166 | D        | Reached ****** piety under Trog
  2544 | D        | Noticed a stone giant
  2549 | D        | Received a gift from Trog
  2570 | D        | Killed a stone giant
  2571 | D        | Gained mutation: You are partially covered in yellow
                  | scales. (AC +2) [demonic ancestry]
  2571 | D        | Reached XP level 11. HP: 53/99 MP: 11/11
  2574 | D        | Received a gift from Trog
  2778 | D        | Noticed an orc knight
  2806 | D        | Killed an orc knight
  2808 | D        | Received a gift from Trog
  2936 | D        | Found Doroghob's Magic Scroll Boutique.
  2936 | D        | Noticed a two-headed ogre
  2936 | D        | Noticed a two-headed ogre
  2936 | D        | Noticed a two-headed ogre
  2936 | D        | Noticed a two-headed ogre
  2936 | D        | Noticed a two-headed ogre
  2939 | D        | Noticed an ogre mage
  2943 | D        | Killed a two-headed ogre
  2944 | D        | Found Tiebi's Magic Scroll Shop.
  2945 | D        | Received a gift from Trog
  2947 | D        | Killed a two-headed ogre
  2948 | D        | Found Wiheeseo's Distillery.
  2951 | D        | Killed a two-headed ogre
  2952 | D        | Reached skill level 15 in Fighting
  2957 | D        | Killed a two-headed ogre
  2958 | D        | Reached skill level 10 in Armour
  2960 | D        | Killed a two-headed ogre
  2961 | D        | Found Mutrem's Antique Weapon Shop.
  2969 | D        | Killed an ogre mage
  2970 | D        | Received a gift from Trog
  3164 | D        | Noticed a two-headed ogre
  3165 | D        | Noticed a two-headed ogre
  3166 | D        | Noticed an ogre mage
  3167 | D        | Noticed a two-headed ogre
  3169 | D        | Noticed a two-headed ogre
  3171 | D        | Killed a two-headed ogre
  3174 | D        | Killed a two-headed ogre
  3181 | D        | Killed an ogre mage
  3185 | D        | Killed a two-headed ogre
  3186 | D        | Gained mutation: Spells you cast may paralyse adjacent
                  | enemies. [demonic ancestry]
  3186 | D        | Reached XP level 12. HP: 84/111 MP: 12/12
  3188 | D        | Killed a two-headed ogre
  3231 | D        | Bought a scroll of acquirement for 520 gold pieces
  3231 | D        | Bought 2 scrolls of blinking for 150 gold pieces
  3231 | D        | Bought a scroll of blinking for 75 gold pieces
  3239 | D        | Bought a scroll of identify for 20 gold pieces
  3239 | D        | Bought a scroll of enchant armour for 75 gold pieces
  3239 | D        | Bought a scroll of identify for 20 gold pieces
  3239 | D        | Bought a scroll of magic mapping for 35 gold pieces
  3239 | D        | Bought a scroll of immolation for 35 gold pieces
  3241 | D        | Bought a potion of heal wounds for 70 gold pieces
  3241 | D        | Bought a potion of resistance for 140 gold pieces
  3241 | D        | Bought a potion of haste for 140 gold pieces
  3241 | D        | Bought a potion of curing for 42 gold pieces
  3241 | D        | Bought 2 potions of curing for 84 gold pieces
  3241 | D        | Bought a potion of mutation for 112 gold pieces
  3249 | D        | Bought a scroll of enchant weapon for 97 gold pieces
  3249 | D        | Bought a scroll of enchant armour for 97 gold pieces
  3249 | D        | Bought a scroll of enchant armour for 97 gold pieces
  3409 | D        | Noticed Eustachio
  3410 | D        | Noticed Erolcha
  3415 | D        | Killed Eustachio
  3415 | D        | Received a gift from Trog
  3421 | D        | Killed Erolcha
  3610 | D        | Acquired a manual of Slings
  3614 | D        | Noticed a boulder beetle
  3614 | D        | Noticed an ogre mage
  3628 | D        | Noticed a brown very ugly thing
  3631 | D        | Killed an ogre mage
  3631 | D        | Received a gift from Trog
  3633 | D        | Noticed a tengu warrior
  3644 | D        | Noticed a great orb of eyes
  3650 | D        | Killed a brown very ugly thing
  3651 | D        | Reached skill level 10 in Dodging
  3651 | D        | Reached skill level 5 in Stealth
  3653 | D        | Killed a boulder beetle
  3654 | D        | Received a gift from Trog
  3656 | D        | Noticed a deep troll earth mage
  3668 | D        | Killed a tengu warrior
  3669 | D        | Noticed a stone giant
  3675 | D        | Killed a great orb of eyes
  3675 | D        | Received a gift from Trog
  3683 | D        | Killed a deep troll earth mage
  3696 | D        | Killed a stone giant
  3927 | D        | Noticed a fire dragon
  3937 | D        | Killed a fire dragon
  3937 | D        | Received a gift from Trog
  4035 | D        | Noticed Azrael
  4046 | D        | Killed Azrael
  4047 | D        | Reached XP level 13. HP: 122/122 MP: 4/13
  4047 | D        | Received a gift from Trog
  4152 | D        | Received a gift from Trog
  4168 | D        | Received a gift from Trog
  4383 | D        | Noticed a merfolk impaler
  4406 | D        | Killed a merfolk impaler
  4406 | D        | Received a gift from Trog
  4734 | D        | Received a gift from Trog
  4756 | D        | Received a gift from Trog
  4802 | D        | Noticed a thorn hunter
  4827 | D        | Killed a thorn hunter
  4827 | D        | Received a gift from Trog
  5237 | D        | Received a gift from Trog
  5308 | D        | Noticed Josephine
  5313 | D        | Noticed Urug
  5319 | D        | Killed Josephine
  5325 | D        | Killed Urug
  5325 | D        | Received a gift from Trog
  5454 | D        | Noticed a lich
  5465 | D        | Noticed a shadow dragon
  5468 | D        | Identified the +7 executioner's axe "Dulut Pogi" {vorpal,
                  | *Rage rCorr Str+6 Stlth+} (Trog gifted it to you in the
                  | Dungeon)
  5468 | D        | Received a gift from Trog
  5469 | D        | Gained mutation: You have hooves in place of feet. [demonic
                  | ancestry]
  5469 | D        | Reached XP level 14. HP: 136/136 MP: 4/14
  5478 | D        | Killed a lich
  5487 | D        | Noticed a brown very ugly thing
  5494 | D        | Received a gift from Trog
  5495 | D        | Noticed a stone giant
  5507 | D        | Killed a shadow dragon
  5514 | D        | Killed a brown very ugly thing
  5736 | D        | Received a gift from Trog
  5882 | D        | Killed a stone giant
  6116 | D        | Paralysed by a floating eye for 2 turns
  6282 | D        | Received a gift from Trog
  6539 | D        | Noticed an ironbound preserver
  6546 | D        | Noticed a vault warden
  6553 | D        | Received a gift from Trog
  6560 | D        | Killed an ironbound preserver
  6562 | D        | Received a gift from Trog
  6568 | D        | Killed a vault warden
  6568 | D        | Noticed a green very ugly thing
  6568 | D        | Received a gift from Trog
  6572 | D        | Killed a green very ugly thing
  6576 | D        | Received a gift from Trog
  6979 | D        | Received a gift from Trog
  7088 | D        | Noticed Mennas
  7107 | D        | HP: 4/211 [Mennas/+3 trishula of holy wrath (17)]
  7107 | D        | Mangled by Mennas

Illustrated notes

Levels and vault maps discovered:
D:        linesprint [early_d, line_temple, items_1, d_10, items_2, lair_1,
          lair_end, items_3, orc_1, orc_end, items_4, d_15, swamp_1, shoals_1,
          snake_1, spider_1, d_20, vaults_1, items_5, swamp_end, shoals_end,
          snake_end, spider_end, vaults_end, d_27, items_6, zot_1, zot_end,
          crypt_end, forest_end, elf_end, slime_end, tomb_end, abyss_end,
          pan_hell_end]

Skill      XL: |  1  2  3  4  5  6  7  8  9 10 11 12 13 14 |
---------------+-------------------------------------------+-----
Long Blades    | 4 6 7 9 10 11 13 14 16 18 19 21 22 | 22.9
Dodging        | 2 3 4 5 6 7 8 9 10 11 12 | 12.7
Armour         | 2 3 4 5 6 8 11 12 13 14 | 14.0
Fighting       | 4 6 7 8 9 10 11 12 13 16 18 20 22 | 22.7
Stealth        | 2 3 4 5 6 |  6.0
Evocations     | 1 2 3 |  3.6

Action                   |  1- 3 |  4- 6 |  7- 9 | 10-12 | 13-15 || total
-------------------------+-------+-------+-------+-------+-------++-------
Melee: Falchion          |    21 |     7 |       |       |       ||    28
       Kick              |     1 |     7 |    15 |    88 |   101 ||   212
       Scimitar          |       |    12 |    24 |       |       ||    36
       Great sword       |       |       |    19 |    86 |   291 ||   396
       Demon blade       |       |       |       |   163 |       ||   163
Invok: Berserk           |     1 |     1 |     3 |    10 |    14 ||    29
       Brothers in Arms  |       |       |     2 |     2 |     8 ||    12
       Trog's Hand       |       |       |       |       |     1 ||     1
Evoke: Wand              |       |       |     1 |       |     5 ||     6
  Use: Potion            |       |       |       |     4 |     9 ||    13
       Scroll            |       |       |       |     1 |     5 ||     6
 Stab: Distracted        |       |       |       |       |     3 ||     3
Armor: Animal skin       |     5 |       |       |       |       ||     5
       Ring mail         |       |     2 |     3 |    25 |       ||    30
       Scale mail        |       |       |       |    24 |    44 ||    68
       Swamp dragon scal |       |       |       |       |    42 ||    42
Dodge: Dodged            |    16 |     6 |    19 |   114 |   178 ||   333
       Rpst.: Falchion   |     6 |       |       |       |       ||     6
       Scimitar          |       |     1 |     3 |       |       ||     4
       Great sword       |       |       |     3 |    13 |    26 ||    42
       Demon blade       |       |       |       |    10 |       ||    10

Table legend: (Time is in decaauts)
 A = Elapsed time spent in this place.
 B = Non-inter-level travel time spent in this place.
 C = Inter-level travel time spent in this place.
 D = Time resting spent in this place.
 E = Time spent auto-exploring this place.
 F = Levels seen in this place.
 G = Mean time per level.
                   A        B        C        D        E       F      G
               +--------+--------+--------+--------+--------+-----+--------+
         Total |   7159 |   7159 |      0 |   4990 |    647 |   1 | 7159.0 |
       Dungeon |   7159 |   7159 |      0 |   4990 |    647 |   1 | 7159.0 |
               +--------+--------+--------+--------+--------+-----+--------+

Top non-repeatable levels by time:
       D: 7159 daAuts
